 Dungeon Crawl Stone Soup version 0.26.1-11-gd32895ea62 (webtiles) character file.

Game seed: 11377593786892653957

1865 Zeld the Cruncher (level 9, 0/54 HPs)
             Began as an Octopode Gladiator on May 19, 2021.
             Was a Priest of Wu Jian.
             Succumbed to Pikel's poison gas
             ... on level 7 of the Dungeon.
             The game lasted 00:08:19 (7018 turns).

Zeld the Cruncher (Octopode Gladiator)              Turns: 7018, Time: 00:08:20

Health: 0/54       AC:  2    Str: 14    XL:     9   Next: 13%
Magic:  9/9        EV: 14    Int: 10    God:    Wu Jian [***...]
Gold:   329        SH:  0    Dex: 16    Spells: 8/8 levels left

rFire    . . .     SeeInvis +   o - +6 quarterstaff (chaos)
rCold    . . .     Faith    .   (shield currently unavailable)
rNeg     . . .     Spirit   .   b - +1 hat
rPois    .         Reflect  .   e - amulet of regeneration
rElec    .         Harm     .   v - ring of willpower
rCorr    +         Rampage  .   w - ring of resist corrosion
Will     +....                  x - ring of see invisible
Stlth    ++........             (no ring)
HPRegen  0.58/turn              (no ring)
MPRegen  0.11/turn              (no ring)
                                (no ring)
                                (no ring)

@: lethally poisoned (0 -> -53), about to teleport
A: almost no armour, stealthy swim, amphibious, 8 rings, constrict 8, camouflage
1, gelatinous body 1
a: Renounce Religion, Wall Jump, Serpent's Lash


You were on level 7 of the Dungeon.
You worshipped Wu Jian.
Wu Jian was most pleased with you.
You visited 2 branches of the dungeon, and saw 8 of its levels.

You collected 329 gold pieces.

Inventory:

Hand Weapons
 a - a +0 quarterstaff
 o - a +6 quarterstaff of chaos (weapon)
Missiles
 c - 4 throwing nets
 n - 8 boomerangs (quivered)
 u - 5 silver boomerangs
Armour
 b - a +1 hat (worn)
Jewellery
 e - an amulet of regeneration (around mantle)
 v - a ring of willpower (left tentacle)
 w - a ring of resist corrosion (right tentacle)
 x - a ring of see invisible (on tentacle)
Wands
 s - a wand of iceblast (6)
Scrolls
 f - 3 scrolls of remove curse
 h - 3 scrolls of identify
 i - a scroll of teleportation
 m - a scroll of amnesia
 r - a scroll of magic mapping
Potions
 d - a potion of cancellation {unknown}
 g - 2 potions of curing
 j - 2 potions of degeneration {unknown}
 k - a potion of brilliance {unknown}
 l - a potion of magic {unknown}
 p - 2 potions of flight {unknown}
 q - 2 potions of berserk rage {unknown}
 t - 2 potions of heal wounds {unknown}
 z - a potion of lignification {unknown}
 A - 2 potions of attraction {unknown}
 B - a potion of invisibility {unknown}
 C - a potion of might {unknown}


   Skills:
 - Level 2.0 Fighting
 * Level 10.4 Staves
 - Level 6.0 Throwing
 - Level 3.0 Dodging


You had 8 spell levels left.
You didn't know any spells.
Your spell library was empty.

Dungeon Overview and Level Annotations

Branches:
Dungeon (7/15)             Temple (1/1) D:6

Altars:
Cheibriados
Dithmenos
Elyvilon
Gozag
Hepliaklqana
Kikubaaqudgha
Makhleb
Nemelex Xobeh
Ru
Sif Muna
Trog
Uskayaw
Vehumet
Wu Jian
Yredelemnul
The Shining One
Lugonu

Annotations:
D:7 1 runed translucent door, exclusion: orange crystal statue, Pikel


Innate Abilities, Weirdness & Mutations

You cannot wear most types of armour.
You are very stealthy in the water. (Stealth+)
You are amphibious.
You can wear up to eight rings at the same time.
You can use your tentacles to constrict eight enemies at once.
Your skin changes colour to match your surroundings (Stealth+).
Your rubbery body absorbs attacks. (AC +1, EV +1)


Message History

You hit Pikel. Your squeeze misses Pikel.
Pikel is heavily wounded.
You are engulfed in poison gas.
You are more poisoned.
You feel sick. Pikel barely misses you. Pikel closely misses you.
Pikel completely misses you.
The worker ant zombie closely misses you.
You are engulfed in poison gas.
You are more poisoned.
* * * LOW HITPOINT WARNING * * *
You feel very sick.
Pikel closely misses you. x2; Pikel tramples you!
* * * LOW HITPOINT WARNING * * *
You stumble backwards!
You stop ascending the stairs.
Okay, then.
As you read the scroll of teleportation, it crumbles to dust.
You feel strangely unstable.
You are engulfed in poison gas.
You are more poisoned.
* * * LOW HITPOINT WARNING * * *
You die...

...#[.###..##........###
.#.##...#÷.#...........##
##..##.....#...#........##
..####.......##.........##
#..#.....................#
#...........°..##.......##
..............☼###.....#.#
..............○D.##....###
..............☼Z@#.....#
........#..##°..°☼....##
...........##....#....#
.##.#....#....##..## ..
#..##.K.....######
.......#......#####
.....#.##.(.......#
.....#..#.........#
.......#.........#


You could see Pikel the swamp dragon shaped shifter (invisible, catching breath)
and a worker ant zombie.

Vanquished Creatures
  Joseph (D:7)
  A steam dragon (D:7)
  Duvessa (D:5)
  An orc warrior (D:6)
  2 centaurs (D:6)
  3 lemures
  A bullfrog (D:6)
  Dowan (D:5)
  2 howler monkeys
  A centaur zombie (D:5)
  Crazy Yiuf (D:2)
  5 jellies
  3 orc wizards
  An iron imp (D:7)
  A bullfrog skeleton (D:7)
  Jessica (D:2)
  Natasha (thrice) (D:4)
  4 worker ants
  Terence (D:3)
  A hound skeleton (D:4)
  A howler monkey zombie (D:5)
  A worker ant zombie (D:6)
  7 gnolls
  6 adders
  A shadow imp (D:6)
  A white imp (D:6)
  An ooze (D:2)
  An adder zombie (D:7)
  An adder skeleton (D:6)
  2 worms
  2 dart slugs
  4 leopard geckos
  19 orcs
  4 giant cockroaches
  6 goblins
  8 hobgoblins
  11 jackals
  5 kobolds
  2 quokkas
  2 ball pythons
  7 bats
  2 frilled lizards (D:2)
  A leopard gecko skeleton (D:6)
  A leopard gecko zombie (D:6)
  3 rats
134 creatures vanquished.

Vanquished Creatures (others)
  A fungus (D:2)
1 creature vanquished.

Grand Total: 135 creatures vanquished

Notes
Turn   | Place    | Note
-------+----------+-------------------------------------------
     0 | D:1      | Zeld the Octopode Gladiator began the quest for the Orb.
     0 | D:1      | Reached XP level 1. HP: 14/14 MP: 1/1
   449 | D:1      | Reached XP level 2. HP: 19/19 MP: 2/2
  1087 | D:2      | Reached XP level 3. HP: 19/24 MP: 3/3
  1090 | D:2      | Noticed Jessica
  1094 | D:2      | Killed Jessica
  1256 | D:2      | Found a sparkling altar of Nemelex Xobeh.
  1351 | D:2      | Reached skill level 4 in Staves
  1351 | D:2      | Reached XP level 4. HP: 20/29 MP: 4/4
  1670 | D:2      | Found a basalt altar of Yredelemnul.
  1671 | D:2      | Found an ornate altar of the Wu Jian Council.
  1672 | D:2      | Found a white marble altar of Elyvilon.
  1679 | D:2      | Became a worshipper of the Wu Jian Council
  2172 | D:2      | Reached XP level 5. HP: 34/34 MP: 5/5
  2364 | D:2      | Found a snail-covered altar of Cheibriados.
  2414 | D:2      | Found a shimmering blue altar of Sif Muna.
  2533 | D:2      | Found a runed translucent door.
  2534 | D:2      | Noticed Crazy Yiuf
  2620 | D:2      | Killed Crazy Yiuf
  3311 | D:3      | Reached * piety under Wu Jian
  3319 | D:3      | Reached skill level 5 in Staves
  3360 | D:3      | Noticed Terence
  3364 | D:3      | Killed Terence
  3365 | D:3      | Reached XP level 6. HP: 36/39 MP: 6/6
  3909 | D:4      | Noticed Natasha
  3913 | D:4      | Killed Natasha
  4139 | D:4      | Reached skill level 5 in Throwing
  4362 | D:4      | Noticed Natasha
  4369 | D:4      | Killed Natasha
  4485 | D:4      | Noticed Natasha
  4493 | D:4      | Killed Natasha
  4494 | D:4      | Reached XP level 7. HP: 39/45 MP: 7/7
  4809 | D:5      | Entered Level 5 of the Dungeon
  4824 | D:5      | Reached skill level 6 in Staves
  4868 | D:5      | Noticed Duvessa
  4874 | D:5      | Noticed Dowan
  4877 | D:5      | Killed Duvessa
  4881 | D:5      | Killed Dowan
  5092 | D:5      | Found a sacrificial altar of Ru.
  5127 | D:5      | Reached ** piety under Wu Jian
  5313 | D:5      | Reached skill level 7 in Staves
  5375 | D:5      | Found an ancient bone altar of Kikubaaqudgha.
  5467 | D:6      | Reached XP level 8. HP: 50/50 MP: 8/8
  5604 | D:6      | Reached skill level 8 in Staves
  5627 | D:6      | Found an opulent altar of Gozag.
  5651 | D:6      | Found a staircase to the Ecumenical Temple.
  5685 | Temple   | Entered the Ecumenical Temple
  6580 | D:7      | Noticed Joseph
  6589 | D:7      | Killed Joseph
  6590 | D:7      | Reached skill level 9 in Staves
  6654 | D:7      | Reached skill level 10 in Staves
  6654 | D:7      | Reached XP level 9. HP: 47/54 MP: 9/9
  6762 | D:7      | Found a runed translucent door.
  6765 | D:7      | Noticed an orange crystal statue
  6766 | D:7      | Found the +10 tower shield of Ignorance {rN+ Int-4}
  6775 | D:7      | Noticed Pikel
  6791 | D:7      | Reached *** piety under Wu Jian
  6981 | D:7      | Noticed a two-headed ogre
  7011 | D:7      | Pikel changed into Pikel the shapeshifter
  7011 | D:7      | Noticed Pikel
  7011 | D:7      | Pikel the shapeshifter changed into Pikel the swamp dragon
  7018 | D:7      | Succumbed to Pikel's poison gas

Illustrated notes

Levels and vault maps discovered:
D:1:      sevenhm_arrival_forest_fort_small_6, layout_basic
D:2:      layout_rooms, lemuel_blue_sif_altar, lemuel_coloured_pillars_altar,
          nemelex_xobeh_ov_fountains_minmay,
          gammafunk_temple_overflow_forgotten, kennysheep_generic_room_4,
          uniq_crazy_yiuf_cottage, uniq_jessica
D:3:      layout_loops_ring, minivault_25, chequers_serial_rivers_micro_c,
          grunt_decor_resistance, uniq_terence
D:4:      layout_basic, uniq_natasha
D:5:      layout_rooms, nicolae_ru_awakened_eye, kennysheep_mini, uniq_duvessa
D:6:      layout_cave_pods, grunt_gozag_breadcrumbs, minmay_temple_entry_mist
D:7:      layout_cave_pools, minitemple, grunt_ogre_cave,
          chequers_guarded_unrand_ignorance, uniq_joseph, uniq_pikel
Temple:   corrupted_temple

Skill      XL: |  1  2  3  4  5  6  7  8 |
---------------+-------------------------+-----
Throwing       | 3 4 5 6 |  6.0
Staves         | 4 5 7 10 | 10.4
Fighting       | |  2.0
Dodging        | |  3.0

Action                   |  1- 3 |  4- 6 |  7- 9 || total
-------------------------+-------+-------+-------++-------
Melee: Quarterstaff      |    38 |   110 |   150 ||   298
       Constrict         |    11 |    25 |    27 ||    63
       Tentacles         |     6 |    20 |    28 ||    54
Throw: Boomerang         |       |       |     1 ||     1
Invok: Lunge             |       |    18 |    12 ||    30
       Whirlwind         |       |       |     1 ||     1
  Use: Scroll            |       |    11 |     3 ||    14
 Stab: Sleeping          |     1 |     5 |     7 ||    13
       Petrifying        |       |     1 |       ||     1
Armor: Skin              |     7 |     5 |     8 ||    20
Dodge: Dodged            |    34 |    77 |    94 ||   205
